 Dungeon Crawl Stone Soup version 0.25.0-1-g7eea58d (webtiles) character file.

Game seed: 164235831965219925

114 oshikia the Ruffian (level 4, 0/34 HPs)
             Began as a Demonspawn Gladiator on June 13, 2020.
             Slain by an orc (3 damage)
             ... on level 2 of the Dungeon.
             The game lasted 00:02:21 (1583 turns).

oshikia the Ruffian (Demonspawn Gladiator)          Turns: 1583, Time: 00:02:22

Health: 0/34       AC:  4    Str: 15    XL:     4   Next: 67%
Magic:  4/4        EV: 13    Int: 10    God:
Gold:   75         SH:  0    Dex: 14    Spells: 3/3 levels left

rFire    . . .     SeeInvis .     - Unarmed
rCold    . . .     Gourm    .   (no shield)
rNeg     . . .     Faith    .   a - +0 leather armour
rPois    .         Spirit   .   b - +0 helmet
rElec    .         Reflect  .   (no cloak)
rCorr    .         Harm     .   (no gloves)
MR       .....                  (no boots)
Stlth    +.........             (no amulet)
HPRegen  0.11/turn              (no ring)
MPRegen  0.09/turn              (no ring)

@: no status effects
A: powered by pain 1, sturdy frame 1
a: no special abilities


You were on level 2 of the Dungeon.
You were not hungry.

You visited 1 branch of the dungeon, and saw 2 of its levels.

You collected 75 gold pieces.

Inventory:

Hand Weapons
 f - a +0 hunting sling
Missiles
 c - a throwing net (quivered)
 i - 4 sling bullets
Armour
 a - a +0 leather armour (worn)
 b - a +0 helmet (worn)
Jewellery
 e - an uncursed amulet of the acrobat {unknown}
Scrolls
 h - a scroll of amnesia {unknown}
 j - a scroll of remove curse {unknown}
 l - a scroll of fog {unknown}
 n - a scroll of teleportation {unknown}
Potions
 g - a potion of lignification {unknown}
 k - a potion of berserk rage {unknown}
 m - 3 potions of curing {unknown}
 p - a potion of cancellation {unknown}
Comestibles
 d - 4 rations


   Skills:
 + Level 2.5 Fighting
 + Level 2.3(2.6) Slings
 - Level 1.7(2.3) Throwing
 + Level 0.3 Armour
 - Level 2.6 Dodging
 + Level 0.3 Stealth
 * Level 3.7 Unarmed Combat


You had 3 spell levels left.
You didn't know any spells.
Your spell library was empty.

Dungeon Overview and Level Annotations

Branches:
Dungeon (2/15)

Altars:


Innate Abilities, Weirdness & Mutations

You sometimes gain a little power by taking damage.
Your movements are slightly less encumbered by armour. (ER -2)


Message History

The orc wizard is almost dead.
You feel yourself speed up.
The orc wizard gestures at you while chanting.
The magic dart hits you. The orc closely misses you.
The orc hits you with a +0 mace.
* * * LOW HITPOINT WARNING * * *
The orc hits you.
* * * LOW HITPOINT WARNING * * *
The rat completely misses you. The orc wizard closely misses you.
The orc hits you but does no damage. The orc misses you.
The orc barely misses you.
You barely miss the orc wizard.
The orc wizard is almost dead.
The orc wizard gestures at you while chanting.
The magic dart hits you.
* * * LOW HITPOINT WARNING * * *
The rat bites you but does no damage. The orc hits you with a +0 club.
* * * LOW HITPOINT WARNING * * *
The orc hits you.
You die...

#........#..
#...........
#...........
#...........
#........... .#####+##
#........รท.. ........#
##'#........
......ro######.#........
.....$o@................
.((...oo....##.#####.#..
.(....(.....##.#####.#.#
.#.###..##...)..........
.. #..##.............. .
#..####.......#.... #..#
#.......#... #..#
#.......+....
#.......#..##


You could see an orc wizard (fast), 3 orcs and a rat.

Vanquished Creatures
  A wyvern zombie (D:2)
  An adder (D:2)
  A worm (D:2)
  A dart slug (D:1)
  A leopard gecko (D:1)
  2 giant cockroaches (D:1)
  6 goblins
  7 hobgoblins
  4 bats (D:1)
  5 frilled lizards (D:1)
  3 kobolds
  6 rats (D:1)
38 creatures vanquished.

Notes
Turn   | Place    | Note
-------+----------+-------------------------------------------
     0 | D:1      | oshikia the Demonspawn Gladiator began the quest for the
                  | Orb.
     0 | D:1      | Reached XP level 1. HP: 16/16 MP: 1/1
   135 | D:1      | Reached skill level 3 in Unarmed Combat
   139 | D:1      | Gained mutation: You sometimes gain a little power by
                  | taking damage. [demonic ancestry]
   139 | D:1      | Reached XP level 2. HP: 19/22 MP: 2/2
  1077 | D:1      | Reached XP level 3. HP: 27/27 MP: 3/3
  1227 | D:2      | Reached skill level 1 in Slings
  1320 | D:2      | Gained mutation: Your movements are slightly less
                  | encumbered by armour. (ER -2) [demonic ancestry]
  1320 | D:2      | Reached XP level 4. HP: 7/34 MP: 4/4
  1583 | D:2      | Slain by an orc

Illustrated notes

Levels and vault maps discovered:
D:1:      dpeg_arrival_castle, layout_basic, serial_glass, glass_columns_a,
          glass_columns_b, glass_columns_b, glass_columns_b, feat_on_display,
          minmay_lizard_king
D:2:      layout_basic

Skill      XL: |  1  2  3 |
---------------+----------+-----
Unarmed Combat | 3 |  3.7
Slings         | 2 |  2.3
Fighting       | |  2.5
Throwing       | |  1.7
Armour         | |  0.3
Dodging        | |  2.6
Stealth        | |  0.3

Action                   |  1- 3 |  4- 6 || total
-------------------------+-------+-------++-------
Melee: Unarmed           |    71 |     4 ||    75
 Fire: Hunting sling     |    73 |     7 ||    80
Throw: Throwing net      |     3 |       ||     3
 Stab: Held in net/web   |     2 |       ||     2
  Eat: Chunk             |     1 |     1 ||     2
Armor: Leather armour    |    25 |     4 ||    29
Dodge: Dodged            |    55 |    23 ||    78
